Map: Blackpink LE

Players

Dark - Winner!

  • Race: Zerg Zerg
  • Spawn Location: 1:00

Nice

  • Race: Protoss Protoss
  • Spawn Location: 7:00

Event: WESG 2017 Haikou

VOD

Have the link to the VOD?

Description

Time

  • Played on: March 13, 2018, 10:27 p.m.
  • Length: 10:00

All games in this series

Show
View Real Time Build Order
Export as new Build Order

Dark Zerg - Winner!

Build Orders: Hatch First 

Get SALT Encoding   

  12  0:00  Drone  
  13  0:13  Overlord  
  13  0:17  Drone  
  14  0:31  Drone  
  14  0:32  Drone  
  16  0:36  Drone  
  17  0:51  Hatchery  
  17  0:53  Drone  
  17  0:58  Drone  
  18  1:09  Extractor  
  17  1:13  Spawning Pool  
  17  1:15  Drone  
  17  1:19  Drone  
  18  1:29  Drone  
  19  1:40  Overlord  
  19  1:51  Drone  
  20  1:59  Queen  
  22  2:01  Zergling x2  
  22  2:03  Queen  
  22  2:04  Drone  
  26  2:09  Metabolic Boost  
  26  2:11  Drone  
  27  2:17  Drone  
  27  2:22  Drone  
  29  2:25  Drone  
  30  2:37  Hatchery  
  30  2:39  Queen  
  30  2:42  Drone  
  32  2:47  Overlord  
  32  2:48  Drone  
  33  2:55  Drone x2  
  35  3:07  Drone  
  35  3:08  Drone x4  
  40  3:15  Overlord, Queen  
  40  3:19  Drone x2  
  44  3:24  Overlord  
  44  3:36  Overlord  
  44  3:41  Overlord  
  44  3:44  Drone  
  44  3:45  Drone x5  
  50  3:51  Spore Crawler x2  
  50  3:55  Drone x5  
  52  3:56  Drone  
  52  4:01  Roach Warren  
  53  4:04  Zergling x4  
  55  4:10  Lair  
  55  4:12  Drone  
  55  4:13  Extractor  
  55  4:15  Drone x2  
  55  4:16  Drone  
  58  4:20  Spore Crawler  
  58  4:24  Drone x3  
  59  4:25  Drone  
  59  4:27  Drone x2  
  63  4:32  Evolution Chamber  
  63  4:34  Extractor  
  63  4:36  Drone x4  
  63  4:37  Extractor  
  64  4:45  Drone  
  64  4:48  Roach x5  
  74  4:53  Overlord x2  
  73  5:01  Zerg Missile Weapons Level 1  
  73  5:05  Overlord  
  73  5:08  Spine Crawler  
  73  5:10  Spine Crawler  
  73  5:13  Roach x4  
  79  5:14  Spine Crawler  
  79  5:16  Roach  
  79  5:20  Roach x2  
  84  5:31  Roach x2  
  84  5:34  Roach x2  
  86  5:36  Roach x3  
  86  5:39  Roach x2  
  88  5:43  Roach  
  88  5:47  Roach  
  88  5:48  Roach  
  88  5:50  Roach  
  88  5:51  Roach  
  88  5:55  Roach  
  88  6:01  Roach x2  
  88  6:02  Roach  
  90  6:05  Roach  
  90  6:09  Roach  
  90  6:10  Roach  
  96  6:13  Roach  
  95  6:19  Roach  
  75  6:36  Roach x5  
  75  6:37  Roach  
  75  6:38  Ravager  
  78  6:41  Roach  
  79  6:51  Roach x2  
  81  6:54  Zergling x4  
  81  6:57  Roach  
  85  7:05  Roach x2  
  85  7:08  Roach  
  85  7:14  Roach x2  
  77  7:21  Drone  
  75  7:23  Drone x2  
  75  7:28  Glial Reconstitution  
  75  7:29  Drone  
  78  7:32  Drone x2  
  78  7:36  Overseer  
  80  7:39  Queen  
  80  7:41  Drone  
  83  7:45  Ravager  
  83  7:47  Ravager  
  83  7:49  Drone  
  83  7:50  Drone x2  
  88  7:52  Drone  
  88  7:55  Ravager  
  90  8:04  Overlord x3  
  90  8:09  Drone  
  91  8:14  Roach x3  
  97  8:24  Roach x2  
  97  8:26  Drone  
  102  8:33  Drone  
  103  8:43  Drone x2, Queen  
  103  8:45  Queen  
  109  8:51  Roach x2  
  109  8:52  Roach x3  
  119  8:58  Roach  
  121  9:05  Overlord  
  121  9:10  Overlord  
  120  9:18  Roach  
  120  9:21  Roach  
  120  9:26  Roach  
  120  9:31  Roach x2  
  115  9:32  Roach x4  
  115  9:33  Roach  
Show
View Real Time Build Order
Export as new Build Order

Nice Protoss 

Build Orders: 1 Gate Expand 

Get SALT Encoding   

  12  0:00  Probe  
  13  0:12  Probe  
  14  0:19  Pylon  
  14  0:24  Probe  
  15  0:37  Probe (Chrono Boost)  
  15  0:38  Gateway  
  16  0:46  Probe (Chrono Boost)  
  16  0:47  Assimilator  
  17  0:52  Probe  
  19  1:04  Probe (Chrono Boost)  
  19  1:16  Probe (Chrono Boost)  
  20  1:21  Probe (Chrono Boost)  
  21  1:29  Nexus  
  21  1:36  Cybernetics Core  
  21  1:41  Assimilator  
  21  1:44  Probe  
  22  1:50  Pylon  
  22  1:56  Probe  
  23  2:08  Probe  
  23  2:10  Adept (Chrono Boost)  
  26  2:17  Stargate  
  26  2:21  Probe  
  27  2:25  Warp Gate  
  27  2:34  Stalker  
  27  2:35  Probe  
  30  2:44  Probe (Chrono Boost)  
  31  2:51  Probe (Chrono Boost)  
  32  2:56  Probe (Chrono Boost)  
  33  3:03  Probe (Chrono Boost)  
  33  3:04  Probe (Chrono Boost)  
  39  3:10  Probe  
  39  3:11  Pylon  
  39  3:12  Probe  
  41  3:22  Probe  
  41  3:24  Probe  
  43  3:28  Gateway  
  43  3:31  Twilight Council  
  43  3:32  Robotics Facility  
  39  3:36  Assimilator  
  39  3:38  Assimilator  
  39  3:47  Pylon  
  39  3:51  Gateway  
  39  3:53  Gateway  
  39  3:56  Gateway  
  39  3:58  Gateway  
  39  4:01  Charge (Chrono Boost)  
  39  4:09  Gateway  
  39  4:12  Gateway  
  39  4:19  Warp Prism (Chrono Boost)  
  41  4:25  Pylon  
  41  4:28  Zealot x2  
  44  4:53  Zealot x2  
  44  4:56  Zealot x4  
  56  5:06  Pylon x2  
  56  5:15  Zealot x4  
  56  5:16  Zealot x2  
  66  5:39  Zealot x7  
  74  5:57  Zealot  
  74  6:06  Zealot x4  
  74  6:07  Zealot x2  
  78  6:28  Zealot x4  
  78  6:29  Zealot x3  
  62  6:49  Zealot x8  
  66  7:14  Zealot x8  
  52  7:22  Immortal (Chrono Boost)  
  52  7:30  Probe  
  53  7:51  Immortal (Chrono Boost)  
  57  8:04  Nexus, Pylon  
  59  8:08  Zealot x6  
  69  8:17  Immortal (Chrono Boost)  
  73  8:40  Zealot x6  
  85  8:55  Zealot  
  85  8:56  Zealot  
  89  9:03  Pylon  
  89  9:09  Zealot x2  
  79  9:30  Zealot x7  
  79  9:31  Zealot  
Tags
 
Add a new tag
Caveats
  • Supply blocks, unpowered buildings, or Contaminate may cause inaccurate times.
  • Supply counts are checked every 10 seconds.